 Seeded DCSS version 0.29-a0-23-ga79f92ac9c (webtiles) character file.

Game seed: 10429452326490117796 (custom seed)

9 riojii the Magician (level 2, 22/22 HPs)
             Began as a Djinni Air Elementalist on Jan 31, 2022.
             Quit the game on level 1 of the Dungeon.
             The game lasted 00:00:41 (382 turns).

riojii the Magician (Djinni Air Elementalist)        Turns: 382, Time: 00:00:42

Health: 22/22      AC:  2    Str:  7    XL:     2   Next: 20%
Gold:   11         EV: 12    Int: 16    God:
                   SH:  0    Dex: 13

rFire   + + .      SeeInvis .   (no weapon)
rCold   x . .      Faith    .   (no shield)
rNeg    . . .      Spirit   .   a - +0 robe
rPois   ∞          Reflect  .   (no helmet)
rElec   .          Harm     .   (no cloak)
rCorr   .          Rampage  .   (no gloves)
Will    .....                   (boots unavailable)
Stlth   ++........              (no amulet)
HPRegen 0.07/turn               (no ring)
MPRegen 0.00/turn               (no ring)

@: flying
A: sickness immunity, fire resistance 2, cold vulnerability 1, float, innate
caster, HP casting, extra vitality 1
a: no special abilities


You were on level 1 of the Dungeon.
You visited 1 branch of the dungeon, and saw 1 of its levels.

You collected 11 gold pieces.

Inventory:

Armour
 a - a +0 robe (worn)
Scrolls
 b - a scroll of enchant armour {unknown}


   Skills:
 * Level 0.7 Fighting
 + Level 0.3 Armour
 + Level 2.3 Dodging
 - Level 1.5 Stealth
 * Level 2.5 Spellcasting


You couldn't memorise any spells.
You knew the following spells:

 Your Spells              Type           Power      Damage    Failure   Level
a - Shock                 Conj/Air       40%        1d5       7%          1
b - Static Discharge      Conj/Air       10%        N/A       11%         2
c - Swiftness             Air            10%        N/A       21%         3
d - Airstrike             Air            5%         N/A       56%         4
Your spell library was empty.

Dungeon Overview and Level Annotations

Branches:
Dungeon (1/15)

Altars:


Innate Abilities, Weirdness & Mutations

You are immune to sickness and miasma.
You are immune to poison.
Your flesh is very heat resistant. (rF++)
You are vulnerable to cold. (rC-)
You float through the air rather than walking.
You learn spells naturally, not from books.
Your magical power is your life essence.
You have superior vitality. (+4 MHP)


Message History

The zap hits the endoplasm.
The endoplasm is severely wounded.
The endoplasm quivers.
The zap hits the endoplasm.
You kill the endoplasm!
You now have 11 gold pieces.
Found a hat.
A kobold comes into view. It is wielding a +0 short sword.
You see here a scroll labelled TIXIMO SUIMON.
The zap hits the kobold.
You kill the kobold!
You can't see any susceptible monsters within range! (Use Z to cast anyway.)
b - a scroll labelled TIXIMO SUIMON A giant cockroach and a frilled lizard come into view.
The zap hits the frilled lizard.
You kill the frilled lizard!
The zap hits the giant cockroach.
The giant cockroach is almost dead.
An endoplasm comes into view.
The zap hits the giant cockroach.
You kill the giant cockroach!
The endoplasm quivers.
You have reached level 2!
The zap hits the endoplasm.
The endoplasm is lightly wounded.
The zap hits the endoplasm.
The endoplasm is severely wounded.
The zap hits the endoplasm.
You kill the endoplasm!
There is an open door here.
A rat comes into view.
The zap hits the rat.
You kill the rat!
Found a scroll labelled XILATUO XEUCRE.
c - a scroll labelled LUERIF BOIKKOO
Things that are here:
a +0 short sword; 27 stones; a kobold corpse This is a scroll of acquirement!
Something appears before you!
Are you sure you want to abandon this character and quit the game? (Confirm with "yes".)

# #..†..# ... #.....#
##.## ##.....# #[..#
#......#
####..#######......
...........##....#
#..........##....#
#..........##...@####
#...........'...†'......
#....#.....##....#......
#....#.....#######.....?
#....#.....# .....
#....########## #####
#...>..........
#......##...### #++#
.......# ..# #..#


There were no monsters in sight!

Vanquished Creatures
  2 endoplasms (D:1)
  A giant cockroach (D:1)
  A goblin (D:1)
  A hobgoblin (D:1)
  A frilled lizard (D:1)
  A kobold (D:1)
  A rat (D:1)
8 creatures vanquished.

Notes
Turn   | Place    | Note
-------+----------+-------------------------------------------
     0 | D:1      | riojii the Djinni Air Elementalist began the quest for the
                  | Orb.
     0 | D:1      | Reached XP level 1. HP: 15/15 MP: 0/0
   267 | D:1      | Reached XP level 2. HP: 18/22 MP: 0/0
   381 | D:1      | Identified a scroll of acquirement
   381 | D:1      | Acquired 478 gold pieces
   382 | D:1      | Quit the game

Illustrated notes

Levels and vault maps discovered:
D:1:      beargit_arrival_diablo_church, layout_basic,
          hellmonk_ecumenical_altar_run_dry

Action                   || total
-------------------------++-------
 Cast: Shock             ||    16
  Use: Scroll            ||     1

Table legend: (Time is in decaauts)
 A = Elapsed time spent in this place.
 B = Non-inter-level travel time spent in this place.
 C = Inter-level travel time spent in this place.
 D = Time resting spent in this place.
 E = Time spent auto-exploring this place.
 F = Levels seen in this place.
 G = Mean time per level.
                   A        B        C        D        E       F      G
               +--------+--------+--------+--------+--------+-----+--------+
         Total |    382 |    382 |      0 |      0 |    352 |   1 |  382.0 |
       Dungeon |    382 |    382 |      0 |      0 |    352 |   1 |  382.0 |
               +--------+--------+--------+--------+--------+-----+--------+

Top non-repeatable levels by time:
     D:1: 382 daAuts
